 Dungeon Crawl Stone Soup version 0.22.1-5-g62c59d9 (webtiles) character file.

2026 JeffiDaFish the Arsonist (level 9, -2/46 HPs)
             Began as a Deep Elf Fire Elementalist on Jan 8, 2019.
             Was a Believer of Sif Muna.
             Slain by a wight
             ... wielding a cursed +3 falchion
              (3 damage)
             ... on level 7 of the Dungeon on Jan 9, 2019.
             The game lasted 00:18:38 (6559 turns).

JeffiDaFish the Arsonist (DEFE)                     Turns: 6559, Time: 00:18:39

Health: -2/46      AC:  7    Str:  8    XL:     9   Next: 3%
Magic:  4/22       EV: 17    Int: 28    God:    Sif Muna [**....]
Gold:   244        SH:  0    Dex: 19    Spells: 7/23 levels left

rFire    . . .     SeeInvis .   b - +11 spear of the Onslaught {distort, +Rage Str+2 Int+5}
rCold    . . .     Gourm    .   (no shield)
rNeg     . . .     Faith    .   a - +0 robe
rPois    +         Spirit   .   d - +2 helmet
rElec    .         Reflect  .   (no cloak)
rCorr    .         Harm     .   (no gloves)
MR       .....     Rnd*Rage +   m - +0 pair of boots
Stlth    ++........             p - amulet of the acrobat
HPRegen  0.15/turn              g - ring of poison resistance
MPRegen  0.18/turn              (no ring)

@: about to teleport, marked, drained
A: rugged brown scales 1, agile 2, berserk 1
a: Divine Energy, Renounce Religion, Evoke Berserk Rage


You were on level 7 of the Dungeon.
You worshipped Sif Muna.
Sif Muna was pleased with you.
You were not hungry.

You visited 2 branches of the dungeon, and saw 8 of its levels.

You collected 244 gold pieces.

Inventory:

Hand Weapons
 b - the +11 spear of the Onslaught (weapon) {distort, +Rage Str+2 Int+5}
   (You found it on level 5 of the Dungeon)

   It warps and distorts space around it.
   Unwielding it can cause banishment or high damage.
   It affects your strength (+2).
   It affects your intelligence (+5).
   It lets you go berserk.
 e - a +2 dagger of protection
Armour
 a - a +0 robe (worn)
 d - a +2 helmet (worn)
 m - a +0 pair of boots (worn)
Jewellery
 g - a ring of poison resistance (left hand)
 p - an amulet of the acrobat (around neck)
Wands
 k - a wand of clouds (6)
Scrolls
 f - 8 scrolls of identify
 h - 2 scrolls of fear
 j - a scroll of remove curse
 n - a scroll of fog
Potions
 i - a potion of mutation
 l - 2 potions of agility
 q - a potion of flight
Comestibles
 c - 11 rations
 o - 2 chunks of flesh


   Skills:
 + Level 6.7(6.4) Dodging
 - Level 2.4(2.1) Stealth
 + Level 7.5(7.1) Spellcasting
 + Level 5.8(5.4) Conjurations
 * Level 8.8(8.5) Fire Magic


You had 7 spell levels left.
You knew the following spells:

 Your Spells              Type           Power        Failure   Level  Hunger
a - Flame Tongue          Conj/Fire      #####        1%          1    None
b - Conjure Flame         Conj/Fire      #####...     1%          3    None
c - Sticky Flame          Conj/Fire      #####...     3%          4    ##.....
d - Mephitic Cloud        Conj/Pois/Air  ###.....     8%          3    None
e - Fireball              Conj/Fire      #####.....   9%          5    ####...

Your spell library contained the following spells:

 Spells                   Type           Power        Failure   Level  Hunger
 Magic Dart               Conj           ####         1%          1    None
 Throw Flame              Conj/Fire      #####.       1%          2    None
 Inner Flame              Hex/Fire       ####....     2%          3    None
 Blink                    Tloc           N/A          9%          2    None
 Call Imp                 Summ           ##......     9%          2    None
 Slow                     Hex            ##......     9%          2    None


Dungeon Overview and Level Annotations

Branches:
Dungeon (7/15)             Temple (1/1) D:4

Altars:
Ashenzari
Cheibriados
Fedhas
Kikubaaqudgha
Makhleb
Nemelex Xobeh
Okawaru
Qazlal
Ru
Sif Muna
Trog
Uskayaw
Vehumet
Wu Jian
Xom
Yredelemnul
Zin

Shops:
D:6 ?

Annotations:
D:5 1 runed door


Innate Abilities, Weirdness & Mutations

You are partially covered in rugged brown scales. (AC +1, +3% HP)
You are very agile. (Dex +4)
You tend to lose your temper in combat.


Message History

The gnoll shaman hits itself with a club.
A quokka skeleton comes into view.
The quokka skeleton completely misses you.
You hit the quokka skeleton.
Space bends around the quokka skeleton.
You destroy the quokka skeleton!
Sif Muna accepts your kill.
The wight hits you with an enchanted falchion!
* * * LOW HITPOINT WARNING * * *
You feel drained.
* * * LOW HITPOINT WARNING * * *
You barely miss something.
The wight hits you with an enchanted falchion!
* * * LOW HITPOINT WARNING * * *
Something hits you but does no damage.
As you read the scroll of teleportation, it crumbles to dust.
You feel strangely unstable. The wight barely misses you.
Something hits you but does no damage.
You miss something.
The wight hits you with an enchanted falchion.
You die...

#.###.#.######
...........gg#
.###.#.#.##.#
##...#.##g#
#####....#.##.#
......#.##.##5#
####...##.##.#
###g##.##z#
#g##5##@#
#Y##)##<#
#.##g##.########
#O..g.....?....#
####g##.######..
#.##.# #h##.#
#.#..# #>Y...


You could see a gnoll shaman, a wight, 2 gnolls and a crimson imp.

Vanquished Creatures
  Harold (D:7)
  A phantom (D:7)
  A centaur (D:5)
  2 bullfrogs (D:6)
  A gnoll sergeant (D:6)
  A killer bee (D:5)
  A scorpion (D:6)
  An electric eel (D:6)
  2 howler monkeys (D:7)
  A crimson imp (D:7)
  A hound (D:5)
  A bullfrog skeleton (D:4)
  2 orc priests
  3 orc wizards
  An iguana (D:6)
  5 worker ants
  A hound skeleton (D:4)
  Robin (D:2)
  11 gnolls
  4 adders
  3 oozes
  An adder zombie (D:7)
  An adder skeleton (D:4)
  2 worms
  2 dart slugs (D:1)
  4 leopard geckos
  16 orcs
  5 giant cockroaches
  10 goblins
  11 hobgoblins
  8 jackals
  10 kobolds
  A quokka (D:7)
  A ball python (D:4)
  6 bats
  4 frilled lizards
  A leopard gecko skeleton (D:5)
  A quokka skeleton (D:7)
  8 rats
  5 butterflies (D:5)
142 creatures vanquished.

Vanquished Creatures (others)
  A scorpion (D:5)
  2 worker ants
3 creatures vanquished.

Grand Total: 145 creatures vanquished

Notes
Turn   | Place    | Note
-------+----------+-------------------------------------------
     0 | D:1      | JeffiDaFish the Deep Elf Fire Elementalist began the quest
                  | for the Orb.
     0 | D:1      | Reached XP level 1. HP: 10/10 MP: 6/6
   502 | D:1      | Reached XP level 2. HP: 15/15 MP: 5/8
   942 | D:2      | Reached XP level 3. HP: 14/19 MP: 3/9
   992 | D:2      | Learned a level 3 spell: Conjure Flame
  1126 | D:2      | Gained mutation: You tend to lose your temper in combat.
                  | [potion of mutation]
  1126 | D:2      | Gained mutation: You are partially covered in rugged brown
                  | scales. (AC +1, +3% HP) [potion of mutation]
  1126 | D:2      | Gained mutation: You are agile. (Dex +2) [potion of
                  | mutation]
  1126 | D:2      | Gained mutation: You are very agile. (Dex +4) [potion of
                  | mutation]
  1150 | D:2      | Noticed Robin
  1154 | D:2      | Reached skill level 4 in Fire Magic
  1484 | D:2      | Killed Robin
  1823 | D:3      | Reached XP level 4. HP: 22/24 MP: 7/11
  2063 | D:3      | Found a shattered altar of Ashenzari.
  2082 | D:3      | Learned a level 4 spell: Sticky Flame
  3015 | D:4      | Reached XP level 5. HP: 28/28 MP: 6/13
  3246 | D:4      | Reached skill level 5 in Fire Magic
  3654 | D:4      | Found a blossoming altar of Fedhas.
  3874 | D:4      | Found a staircase to the Ecumenical Temple.
  3883 | Temple   | Entered the Ecumenical Temple
  4097 | Temple   | Became a worshipper of Sif Muna the Loreminder
  4319 | D:4      | Reached XP level 6. HP: 17/32 MP: 2/14
  4682 | D:5      | Entered Level 5 of the Dungeon
  4684 | D:5      | Found a basalt altar of Yredelemnul.
  4727 | D:5      | Found a runed door.
  4741 | D:5      | Found a runed door.
  4789 | D:5      | Found a radiant altar of Vehumet.
  4975 | D:5      | Identified the +11 spear of the Onslaught {distort, +Rage
                  | Str+2 Int+5} (You found it on level 5 of the Dungeon)
  5142 | D:5      | Reached skill level 5 in Spellcasting
  5172 | D:5      | Found a sparkling altar of Nemelex Xobeh.
  5232 | D:5      | Reached skill level 6 in Fire Magic
  5241 | D:5      | Reached XP level 7. HP: 37/37 MP: 12/16
  5486 | D:6      | Found Dielidd's Magic Scroll Shoppe.
  5685 | D:6      | Reached skill level 5 in Dodging
  5830 | D:6      | Reached * piety under Sif Muna
  5916 | D:6      | Reached skill level 7 in Fire Magic
  6151 | D:6      | Reached XP level 8. HP: 31/42 MP: 16/19
  6427 | D:6      | Learned a level 3 spell: Mephitic Cloud
  6433 | D:6      | Learned a level 5 spell: Fireball
  6489 | D:7      | Noticed Harold
  6509 | D:7      | Killed Harold
  6509 | D:7      | Reached ** piety under Sif Muna
  6509 | D:7      | Reached skill level 5 in Conjurations
  6509 | D:7      | Reached skill level 8 in Fire Magic
  6509 | D:7      | Reached XP level 9. HP: 25/46 MP: 1/22
  6557 | D:7      | HP: 1/46 [wight/enchanted falchion (8)]
  6559 | D:7      | Slain by a wight

Skill      XL: |  1  2  3  4  5  6  7  8 |
---------------+-------------------------+-----
Fire Magic     | 4 5 6 7 8 |  8.8
Dodging        | 3 4 5 6 |  6.7
Conjurations   | 2 3 4 5 |  5.8
Spellcasting   | 4 5 6 7 |  7.5
Stealth        | |  2.4

Action                   |  1- 3 |  4- 6 |  7- 9 || total
-------------------------+-------+-------+-------++-------
Melee: Short sword       |    26 |       |       ||    26
       Dagger            |       |    47 |       ||    47
       Spear             |       |    16 |    65 ||    81
 Cast: Flame Tongue      |    81 |   108 |    43 ||   232
       Conjure Flame     |     1 |     1 |     3 ||     5
       Sticky Flame      |       |     3 |     4 ||     7
       Mephitic Cloud    |       |       |     2 ||     2
  Use: Scroll            |     7 |     5 |     4 ||    16
       Potion            |     4 |     3 |     2 ||     9
 Stab: Distracted        |     1 |       |       ||     1
       Sleeping          |       |     1 |     2 ||     3
  Eat: Chunk             |     3 |    10 |     5 ||    18
Armor: Robe              |     9 |    32 |     7 ||    48
Dodge: Dodged            |    56 |    70 |    26 ||   152
